 Dungeon Crawl Stone Soup version 0.19-a0-1700-g86d965a (webtiles) character file.

108276 sinon the Fencer (level 16, -4/146 HPs)
             Began as a Basajaun Venom Mage on Sept 28, 2016.
             Was a High Priest of Ashenzari.
             Slain by an entropy weaver (7 damage)
             ... on level 1 of the Spider Nest on Oct 1, 2016.
             The game lasted 08:00:13 (30495 turns).

sinon the Fencer (Basajaun Venom Mage)             Turns: 30495, Time: 08:00:19

Health: -4/146     AC:  1    Str: 16    XL:     16   Next: 2%
Magic:  15/26      EV: 15    Int: 20    God:    Ashenzari [*****.]
Gold:   896        SH:  0    Dex: 13    Spells: 4 memorised, 16 levels left

rFire  . . .     SeeInvis +     Q - +14 plutonium sword {*Contam Stlth-} (curse)
rCold  . . .     Gourm    .     J - +2 troll leather armour
rNeg   . . .     Faith    .     (shield currently unavailable)
rPois  +         Spirit   .     (helmet restricted)
rElec  .         Dismiss  .     L - +2 cloak {rPois}
rCorr  .         Reflect  .     (gloves unavailable)
MR     +....     Harm     .     (boots unavailable)
Stlth  .......... Clarity  +    t - amulet of regeneration (curse)
                                m - +3 ring of dexterity
                                d - +6 ring of protection (curse)

@: corroded, studying Dodging
A: unfitting armour, antennae 1, see invisible
a: Curse Item, Scrying, Transfer Knowledge, Renounce Religion


You were on level 1 of the Spider Nest.
You worshipped Ashenzari.
Ashenzari was extremely pleased with you.
You were hungry.

You visited 4 branches of the dungeon, and saw 24 of its levels.
You also visited: Labyrinth, Sewer and Bailey.

You collected 2336 gold pieces.
You spent 1440 gold pieces at shops.

Inventory:

Hand Weapons
 Q - the cursed +14 plutonium sword (weapon) {*Contam Stlth-}
   (You took it off a minotaur in a labyrinth)

   It causes magical contamination when unequipped.
   It makes you less stealthy.
   It has a curse placed upon it.
Missiles
 i - 17 large rocks (quivered)
 U - 51 tomahawks of returning
Armour
 z - the +9 armour of the Dragon King {rPois rF+ rC+ MR+}
   (You found it in a labyrinth)

   It protects you from fire.
   It protects you from cold.
   It protects you from poison.
   It affects your resistance to hostile enchantments.
 J - a +2 troll leather armour (worn)
 L - a +2 cloak of poison resistance (worn)
Magical Staves
 B - an uncursed staff of wizardry
Jewellery
 d - a cursed +6 ring of protection (left hand)
 g - an uncursed ring of resist corrosion
 m - a +3 ring of dexterity (right hand)
 t - a cursed amulet of regeneration (around neck)
 K - an uncursed ring of protection from cold
Wands
 o - a wand of flame (25/48)
 p - a wand of digging (7/24)
 q - a wand of disintegration (12/24)
 O - a wand of digging (5/24)
 P - a wand of polymorph (8/24)
 R - a wand of hasting (5/9)
 X - a wand of iceblast (4/15)
Scrolls
 a - a scroll of brand weapon
 c - a scroll of identify
 e - 2 scrolls of recharging
 h - a scroll of holy word
 w - 2 scrolls of enchant armour
 x - 5 scrolls of fog
 C - 5 scrolls of enchant weapon
 D - 3 scrolls of blinking
 F - 4 scrolls of fear
 H - 6 scrolls of magic mapping
 I - 3 scrolls of teleportation
 T - 2 scrolls of amnesia
 V - 3 scrolls of remove curse
 Y - 3 scrolls of vulnerability
Potions
 b - a potion of might
 j - 5 potions of heal wounds
 k - 4 potions of ambrosia
 l - 7 potions of curing
 r - 3 potions of agility
 s - 2 potions of brilliance
 u - a potion of cure mutation
 v - a potion of berserk rage
 G - 5 potions of invisibility
 W - a potion of haste
 Z - 2 potions of flight
Books
 y - a manual of Dodging
Miscellaneous
 A - a fan of gales
Comestibles
 f - a bread ration
 n - a chunk of flesh
 E - 5 meat rations
 M - 3 beef jerkies
 N - 10 slices of pizza


   Skills:
 - Level 10.1 Fighting
 * Level 17.1(21.5) Long Blades
 - Level 3.5 Throwing
 - Level 6.8 Armour
 + Level 10.6 Dodging
 - Level 1.5 Stealth
 - Level 6.0 Spellcasting
 - Level 6.4(9.1) Conjurations
 - Level 1.2(2.9) Air Magic
 - Level 5.1(7.7) Earth Magic
 - Level 7.0(9.7) Poison Magic
 - Level 5.8(8.5) Evocations


You had 16 spell levels left.
You knew the following spells:

 Your Spells              Type           Power        Failure   Level  Hunger
a - Sting                 Conj/Pois      ####         1%          1    None
b - Mephitic Cloud        Conj/Pois/Air  #####...     1%          3    ##.....
c - Olgreb's Toxic Radia  Pois           #####...     2%          4    ####...
e - Stone Arrow           Conj/Erth      #####.       1%          3    ##.....


Dungeon Overview and Level Annotations

Branches:
Dungeon (15/15)            Temple (0/1) D:4            Lair (6/6) D:10
 Shoals (0/4) Lair:2       Spider (1/4) Lair:3        Slime (0/5) Lair:6
    Orc (2/2) D:10            Elf (0/3) Orc:2        Vaults (0/5) D:13
 Depths (0/5) D:15

Altars:
Ashenzari
Dithmenos
Elyvilon
Fedhas
Gozag
Kikubaaqudgha
Makhleb
Nemelex Xobeh
Okawaru
Ru
Sif Muna
Uskayaw
Vehumet
Beogh
Jiyva

Shops:
D:5 }   Orc:2 =(*:

Portals:
Hell: Lair:6

Annotations:
D:4 Midn8's ghost, amateur BaVM
D:6 Thraspic's ghost, novice BaAE
Lair:5 exclusion: oklob plant


Innate Abilities, Weirdness & Mutations

You are too large for most types of armour.
You have a pair of small antennae on your head.
You have supernaturally acute eyesight. (SInv)


Message History

You slash the entropy weaver!
The entropy weaver is almost dead.
The entropy weaver hits you! x2; The entropy weaver barely misses you.
The entropy weaver closely misses you. The entropy weaver hits you!
The entropy weaver hits you. The entropy weaver misses you.
The entropy weaver hits you!
You hit the entropy weaver but do no damage.
The entropy weaver is almost dead.
The entropy weaver hits you! x2
* * * LOW HITPOINT WARNING * * *
The entropy weaver hits you!
* * * LOW HITPOINT WARNING * * *
The entropy weaver hits you!
* * * LOW HITPOINT WARNING * * *
The entropy weaver hits you.
* * * LOW HITPOINT WARNING * * *
The entropy weaver misses you. The entropy weaver hits you.
* * * LOW HITPOINT WARNING * * *
The entropy weaver hits you!
You die...

###≈...#..##,{, {{{
** #......#..#∆, ,
, , ,,,, *
#......##.## , *{,,
,,* *.....#.
#..##*..#., ,.#{a*
*
###.##≈*##†.###...*
..a## ## ≈≈*
##..#∆...,*,...? ##
##.##,..###.a.*
#..###†.#..#*
##.@a##{{.#*
###a.#{††# ##aa(†.#
#######


You could see 2 entropy weavers and 2 soldier ants.

Vanquished Creatures
  2 orc warlords
  A stone giant (Orc:2)
  An entropy weaver (Spider:1)
  2 dire elephants (Lair:6)
  An ettin (D:13)
  A minotaur (Lab)
  An ice dragon (Lair:5)
  A rakshasa (D:13)
  Fannar (D:12)
  A catoblepas (D:13)
  4 hydras (Lair:6)
  3 centaur warriors
  3 death yaks (Lair:5)
  3 ogre magi
  A queen ant (Spider:1)
  5 orc high priests
  Nergalle (Lair:1)
  Sonja (Lair:2)
  A sun demon (Lair:6)
  A fire crab (Lair:3)
  A skeletal warrior (D:13)
  A sixfirhy (Lair:6)
  4 wizards
  A swamp dragon (Lair:5)
  A death drake (Lair:6)
  2 unseen horrors
  6 hill giants
  A lindwurm (Lair:5)
  An ugly thing (D:12)
  6 orc knights
  2 orb spiders (Spider:1)
  3 wolf spiders (Spider:1)
  A salamander (Lair:6)
  An oklob plant (D:12)
  7 slime creatures
  8 elephants
  6 orc sorcerers
  3 cyclopes (D:12)
  3 black mambas
  A rust devil (Lair:6)
  4 manticores
  A salamander (shapeshifter) (D:13)
  3 centaur zombies
  2 sirens (Lair:2)
  Maurice (D:8)
  Joseph (D:10)
  2 torpor snails
  2 gargoyles
  13 spiny frogs
  2 orange demons (Lair:6)
  A smoke demon (Lair:6)
  An efreet (D:15)
  A rime drake (Lair:5)
  A kobold demonologist (D:14)
  4 komodo dragons (Lair:5)
  A demonic crawler (Lair:3)
  A red devil (Lair:6)
  2 ice devils (Lair:6)
  A harpy zombie (D:14)
  2 merfolk (Lair:2)
  A tengu conjurer (D:15)
  A queen bee (Spider:1)
  8 two-headed ogres
  6 jumping spiders (Spider:1)
  7 trolls
  A raiju (Lair:4)
  15 blink frogs
  Prince Ribbit (D:5)
  4 dream sheep (Lair:6)
  8 hippogriffs
  A centaur simulacrum (D:12)
  2 shadows (Lab)
  5 wyverns
  3 tarantellas
  A wraith (D:14)
  10 redbacks
  A water elemental (D:15)
  55 yaks
  A spriggan (D:15)
  A vampire (D:10)
  4 hogs (D:8)
  4 basilisks
  Grum (D:8)
  A human (D:8)
  A fire bat (Bailey)
  12 wargs
  5 hungry ghosts
  A vampire mosquito (Lair:3)
  Menkaure (D:7)
  8 water moccasins
  11 soldier ants (Spider:1)
  A swamp worm (shapeshifter) (Lair:6)
  3 hell hounds (Lair:6)
  6 porcupines
  Purgy (Sewer)
  3 phantoms
  2 black bears
  54 orc warriors
  A swamp drake (Lair:3)
  2 sky beasts
  2 wasps
  20 ogres
  2 necrophages
  A boggart (D:13)
  7 wolves
  3 ice beasts
  13 crocodiles
  4 centaurs
  Blork the orc (D:5)
  6 big kobolds
  20 bullfrogs
  A wyvern zombie (D:15)
  An earth elemental (Lab)
  A water moccasin zombie (D:12)
  4 scorpions
  15 killer bees
  5 wights (D:11)
  A howler monkey (Lair:2)
  3 vampire bats (Orc:1)
  8 electric eels
  4 jellies
  6 crimson imps
  4 bullfrog zombies (D:12)
  3 quasits
  3 hounds
  36 orc priests
  4 bullfrog skeletons
  11 centaur skeletons
  3 iguanas
  33 orc wizards
  19 worker ants
  3 hound zombies
  A howler monkey skeleton (D:7)
  8 gnolls
  11 adders
  21 river rats
  4 shadow imps
  3 white imps
  An ooze (D:1)
  2 adder zombies (D:9)
  An adder skeleton (D:6)
  4 worms
  4 dart slugs
  5 leopard geckos
  142 orcs
  4 ball pythons
  A giant cockroach (D:4)
  9 goblins
  11 hobgoblins
  20 jackals
  5 quokkas
  22 bats
  8 frilled lizards
  A giant cockroach zombie (D:5)
  A jackal skeleton (D:4)
  45 kobolds
  A leopard gecko skeleton (D:7)
  20 rats
  2 plants
998 creatures vanquished.

Vanquished Creatures (others)
  10 fungi
  2 plants
12 creatures vanquished.

Grand Total: 1010 creatures vanquished

Notes
Turn   | Place    | Note
-------+----------+-------------------------------------------
     0 | D:1      | sinon the Basajaun Venom Mage began the quest for the Orb.
     0 | D:1      | Reached XP level 1. HP: 15/15 MP: 4/4
   240 | D:1      | Reached skill level 1 in Conjurations
   252 | D:1      | whoa
   325 | D:1      | Reached XP level 2. HP: 22/22 MP: 4/6
   515 | D:1      | Found a shattered altar of Ashenzari.
   881 | D:1      | Reached XP level 3. HP: 26/28 MP: 2/7
  1616 | D:1      | Became a worshipper of Ashenzari the Shackled
  1722 | D:2      | Reached XP level 4. HP: 33/36 MP: 4/8
  2332 | D:3      | Found a glowing drain.
  2373 | D:3      | Learned a level 3 spell: Mephitic Cloud
  2482 | Sewer    | Entered a sewer
  2608 | Sewer    | Noticed Purgy
  2619 | Sewer    | Killed Purgy
  2619 | Sewer    | Reached skill level 1 in Throwing
  2619 | Sewer    | Reached XP level 5. HP: 29/46 MP: 0/9
  2957 | D:3      | Found a sparkling altar of Nemelex Xobeh.
  3032 | D:3      | Reached * piety under Ashenzari
  3223 | D:3      | Reached XP level 6. HP: 36/56 MP: 2/10
  3608 | D:4      | Noticed Midn8's ghost (amateur BaVM)
  3850 | D:4      | Reached skill level 1 in Air Magic
  3886 | D:4      | Found a burning altar of Makhleb.
  4233 | D:4      | Found a deep blue altar of Sif Muna.
  4545 | D:4      | Found a staircase to the Ecumenical Temple.
  4562 | D:4      | Reached ** piety under Ashenzari
  4883 | D:5      | Entered Level 5 of the Dungeon
  4964 | D:5      | Reached XP level 7. HP: 59/66 MP: 11/11
  5033 | D:5      | Noticed Prince Ribbit
  5050 | D:5      | Reached skill level 5 in Poison Magic
  5067 | D:5      | Killed Prince Ribbit
  5067 | D:5      | Reached skill level 5 in Fighting
  5123 | D:5      | Found Toraam's Gadget Emporium.
  5273 | D:5      | Learned a level 4 spell: Olgreb's Toxic Radiance
  5366 | D:5      | Noticed Blork the orc
  5394 | D:5      | Killed Blork the orc
  5542 | D:5      | Reached XP level 8. HP: 63/75 MP: 0/13
  6308 | D:6      | Reached skill level 5 in Conjurations
  6889 | D:6      | Noticed Thraspic's ghost (novice BaAE)
  7166 | D:7      | Found a shadowy altar of Dithmenos.
  7279 | D:7      | Reached XP level 9. HP: 33/81 MP: 7/16
  7289 | D:7      | Learned a level 5 spell: Venom Bolt
  7389 | D:7      | Found a hide-covered altar of Uskayaw.
  7390 | D:7      | Found a radiant altar of Vehumet.
  7391 | D:7      | Found a sacrificial altar of Ru.
  7501 | D:7      | Noticed Menkaure
  7509 | D:7      | Killed Menkaure
  7536 | D:7      | Found an opulent altar of Gozag.
  7625 | D:7      | Reached *** piety under Ashenzari
  7867 | D:7      | Found a blossoming altar of Fedhas.
  8305 | D:8      | Noticed Maurice
  8649 | D:8      | Killed Maurice
  8989 | D:8      | Reached XP level 10. HP: 62/87 MP: 9/17
  8989 | D:8      | Reached skill level 5 in Dodging
  9341 | D:8      | Noticed Grum
  9353 | D:8      | Killed Grum
 10060 | D:9      | Found a white marble altar of Elyvilon.
 10508 | D:10     | Entered Level 10 of the Dungeon
 10659 | D:10     | Reached skill level 5 in Shields
 10778 | D:10     | Reached XP level 11. HP: 99/103 MP: 10/18
 10967 | D:10     | Found a staircase to the Lair.
 11060 | D:10     | Noticed Joseph
 11079 | D:10     | Killed Joseph
 11112 | D:10     | Noticed an unseen horror
 11136 | D:10     | Killed an unseen horror
 11479 | D:10     | Found a staircase to the Orcish Mines.
 11557 | D:10     | Found a roughly hewn altar of Beogh.
 11800 | D:10     | Reached **** piety under Ashenzari
 12726 | D:11     | Noticed an unseen horror
 12749 | D:11     | Killed an unseen horror
 13021 | D:12     | Noticed a white ugly thing
 13041 | D:12     | HP: 4/103 [white ugly thing (34)]
 13250 | Orc:1    | Entered Level 1 of the Orcish Mines
 13250 | Orc:1    | Noticed an orc knight
 13425 | D:10     | Killed an orc knight
 13544 | Orc:1    | Noticed an orc high priest
 13551 | Orc:1    | Noticed a soul eater
 13551 | Orc:1    | Reached XP level 12. HP: 89/110 MP: 3/19
 13709 | Orc:1    | Killed an orc high priest
 13829 | Orc:1    | Reached skill level 10 in Poison Magic
 14100 | Orc:2    | Entered Level 2 of the Orcish Mines
 14173 | Orc:2    | Reached skill level 10 in Shields
 14219 | Orc:1    | Reached skill level 1 in Evocations
 14234 | Orc:1    | Noticed an orc warlord
 15008 | Orc:2    | Found a roughly hewn altar of Beogh.
 15242 | Orc:2    | Noticed a stone giant
 15260 | Orc:2    | Killed a stone giant
 15284 | Orc:2    | Gained mutation: You have a beak for a mouth. [potion of mutation]
 15284 | Orc:2    | Gained mutation: You are frail. (-10% HP) [potion of mutation]
 15284 | Orc:2    | Gained mutation: You have a pair of small antennae on your head. [potion of mutation]
 15747 | Orc:2    | Reached ***** piety under Ashenzari
 15844 | Orc:2    | Found Juovvebb's Jewellery Emporium.
 15867 | Orc:2    | Reached skill level 5 in Evocations
 16041 | Orc:2    | Reached skill level 10 in Fighting
 16091 | Orc:2    | Found Ufoy's Antique Weapon Shoppe.
 16304 | Orc:2    | Found Kovvillo's Book Boutique.
 16307 | Orc:2    | Noticed an orc high priest
 16322 | Orc:2    | Reached skill level 5 in Spellcasting
 16332 | Orc:2    | Killed an orc high priest
 16333 | Orc:2    | Noticed an orc warlord
 16506 | Orc:2    | Killed an orc warlord
 16506 | Orc:2    | Reached XP level 13. HP: 77/110 MP: 2/22
 16664 | Orc:2    | Found a roughly hewn altar of Beogh.
 17034 | Orc:2    | Found Hioxaump's Assorted Antiques.
 17075 | Orc:2    | Bought a paperback book for 465 gold pieces
 17429 | Orc:2    | Paralysed by an orc sorcerer for 5 turns
 17642 | Orc:2    | Found a staircase to the Elven Halls.
 18416 | Orc:1    | Killed an orc warlord
 18697 | Lair:1   | Entered Level 1 of the Lair of Beasts
 18946 | Lair:1   | Noticed Nergalle
 19194 | Orc:2    | Bought a Fen Folio for 975 gold pieces
 19198 | Orc:2    | Learned a level 3 spell: Stone Arrow
 19452 | Lair:1   | Reached skill level 1 in Earth Magic
 19738 | Lair:1   | Killed Nergalle
 19959 | Lair:2   | Found a labyrinth entrance.
 19992 | Lab      | Entered a labyrinth
 20690 | Lab      | Noticed a minotaur
 20707 | Lab      | Killed a minotaur
 20707 | Lab      | Reached skill level 5 in Earth Magic
 20753 | Lair:2   | Noticed Sonja
 20757 | Lair:2   | Reached skill level 1 in Armour
 20761 | Lair:2   | Killed Sonja
 21106 | Lair:2   | Reached skill level 5 in Armour
 21106 | Lair:2   | Reached skill level 1 in Long Blades
 21193 | Lair:2   | Found a staircase to the Shoals.
 21484 | Lair:2   | Found an iron altar of Okawaru.
 21677 | Lair:3   | Reached skill level 2 in Long Blades
 21852 | Lair:3   | Found a hole to the Spider Nest.
 22084 | Lair:3   | Gained mutation: You have a somewhat thin skeletal structure. (Dex +2, Stealth) [potion of mutation]
 22084 | Lair:3   | Gained mutation: You have supernaturally acute eyesight. (SInv) [potion of mutation]
 22085 | Lair:3   | Lost mutation: You have a beak for a mouth. [potion of cure mutation]
 22085 | Lair:3   | Lost mutation: You have a somewhat thin skeletal structure. (Dex +2, Stealth) [potion of cure mutation]
 22085 | Lair:3   | Lost mutation: You are frail. (-10% HP) [potion of cure mutation]
 22239 | Lair:3   | Reached skill level 3 in Long Blades
 22442 | Lair:4   | Reached XP level 14. HP: 132/132 MP: 24/24
 22749 | Lair:4   | Reached ****** piety under Ashenzari
 23015 | Lair:4   | Got the uncursed robe "Odi Kik" {rElec rF+ rC+ rCorr}
 23026 | Lair:4   | Identified the +2 robe "Odi Kik" {rElec rF+ rC+ rCorr} (You found it on level 4 of the Lair of Beasts)
 23225 | Lair:5   | Reached skill level 4 in Long Blades
 23239 | Lair:5   | Reached skill level 5 in Long Blades
 23358 | Lair:5   | Reached skill level 6 in Long Blades
 23361 | Lair:5   | Reached skill level 7 in Long Blades
 23400 | Lair:5   | Reached skill level 8 in Long Blades
 23448 | Lair:5   | Reached skill level 9 in Long Blades
 23528 | Lair:5   | Reached skill level 10 in Long Blades
 23592 | Lair:5   | Reduced skill Shields to level 5
 24206 | Lair:6   | Entered Level 6 of the Lair of Beasts
 24266 | Lair:6   | Reached skill level 11 in Long Blades
 24583 | Lair:6   | Reached skill level 12 in Long Blades
 24710 | Lair:6   | Reached skill level 13 in Long Blades
 24959 | Lair:6   | Found a burning altar of Makhleb.
 25239 | Lair:6   | Found a viscous altar of Jiyva.
 25239 | Lair:6   | Found a staircase to the Slime Pits.
 25385 | Lair:6   | Reached skill level 14 in Long Blades
 25747 | Lair:6   | Reduced skill Shields to level 1
 25958 | Lair:6   | Reached XP level 15. HP: 131/138 MP: 25/25
 26073 | Lair:6   | Found a gateway to Hell.
 26534 | D:12     | Noticed Fannar
 26544 | D:12     | Killed Fannar
 26617 | D:12     | Reached skill level 15 in Long Blades
 26824 | D:12     | Identified a scroll of acquirement
 27260 | D:12     | Identified the ring of Sibygg {*Corrode rF+ rC- rN+ Dex+8}
 27523 | D:13     | Found a flagged portal.
 27608 | Bailey   | Entered a bailey
 28001 | D:13     | Found a gate to the Vaults.
 28183 | D:13     | Reached skill level 16 in Long Blades
 29013 | D:14     | Found an ancient bone altar of Kikubaaqudgha.
 29386 | D:15     | Entered Level 15 of the Dungeon
 29732 | D:15     | Found a staircase to the Depths.
 30129 | Spider:1 | Entered Level 1 of the Spider Nest
 30144 | Spider:1 | Reached skill level 10 in Dodging
 30434 | Spider:1 | Reached skill level 17 in Long Blades
 30481 | Spider:1 | Reached XP level 16. HP: 134/146 MP: 16/26
 30495 | Spider:1 | HP: 7/146 [entropy weaver (17)]
 30495 | Spider:1 | HP: 3/146 [entropy weaver (2)]
 30495 | Spider:1 | Slain by an entropy weaver

Vault maps used:
D:1:      erik_arrival_cave_to_civilisation, evilmike_ruin_ashenzari
D:2:      corner_web_ring, kennysheep_generic_room_5
D:3:      portal_sewer_entry_a, nemelex_spade_bored_becter
D:4:      makhleb_heckhound_becter, led_sif_pool
D:5:      serial_shops, shop, first_bread, uniq_prince_ribbit1, uniq_menkaure,
          uniq_blork_the_orc
D:7:      nicolae_gozag_seed_capital, old_standard_altar, kennysheep_mini_moat,
          grunt_temple_overflow_open
D:8:      grunt_livestock, grunt_ministairs_2, grunt_decor_clamped, uniq_grum,
          uniq_maurice
D:9:      elyvilon_altar_1, minmay_misc_feat_four_crosses,
          minmay_misc_feat_nine_boxes
D:10:     grunt_lair_entry_orc_guard_hut, minmay_orc_entry_temple_small,
          uniq_joseph
D:12:     minmay_misc_feat_secret_circle, hangedman_weighted_door,
          evilmike_surprise_oklob, uniq_fannar
D:13:     hangedman_vaults_entry_quadrant_bands, enter_bailey_2, minivault_22
D:14:     serial_glass, glass_columns_a, glass_columns_a, lemuel_tele_altar,
          uniq_louise
D:15:     grunt_enter_depths_magical_seal, grunt_decor_one_mirror
Lair:1:   uniq_nergalle
Lair:2:   elwin_shoals_entry_stream, lab_entry_generic, basic_altar,
          beast_lair_carwin_5, uniq_sonja
Lair:3:   spider_nest_entry_rubble, serial_bayou_ford_a, pond
Lair:5:   minmay_lair_oklob_items, bobbens_ice_dragon_lair
Lair:6:   evil_forest, slime_altar_1, minivault_23, serial_bayou_shore_a,
          infiniplex_staircase_pool
Spider:1: zaba_antful_of_joy
Orc:1:    roderic_batcave
Orc:2:    pubby_orc_utopia
Lab:      nicolae_lab_hexagon, lab_statue, nicolae_lab_grate, lab_fountain,
          labyrinth_skeletal_remains, lab_hedge
Sewer:    kennysheep_door_sewer
Bailey:   bailey_axe_1, bailey

Skill      XL: |  1  2  3  4  5  6  7  8  9 10 11 12 13 14 15 |
---------------+----------------------------------------------+-----
Conjurations   | 1 2 3 4 6 8 9 6 |  6.4
Fighting       | 2 3 4 5 7 10 | 10.1
Throwing       | 1 2 3 |  3.5
Air Magic      | 1 |  1.2
Poison Magic   | 5 7 9 10 7 |  7.0
Spellcasting   | 3 4 5 6 |  6.0
Dodging        | 4 6 8 10 | 10.6
Shields        | 5 9 10 0 |  0.0
Evocations     | 5 |  5.8
Earth Magic    | 5 |  5.1
Armour         | 6 |  6.8
Long Blades    | 3 14 17 | 17.1
Stealth        | |  1.5

Action                   |  1- 3 |  4- 6 |  7- 9 | 10-12 | 13-15 | 16-18 || total
-------------------------+-------+-------+-------+-------+-------+-------++-------
Melee: Mace              |     8 |       |       |       |       |       ||     8
       Spear             |    24 |       |       |       |       |       ||    24
       Dagger            |     1 |   126 |   305 |  1650 |   498 |       ||  2580
       Peck              |       |       |       |    40 |    95 |       ||   135
       Triple sword      |       |       |       |       |  1113 |     8 ||  1121
Throw: Stone             |     5 |     2 |     3 |       |       |       ||    10
       Large rock        |     1 |     8 |    19 |    38 |    42 |     1 ||   109
       Tomahawk          |       |       |       |     3 |     3 |       ||     6
 Cast: Sting             |    74 |   128 |   137 |   325 |   180 |       ||   844
       Mephitic Cloud    |       |     3 |     9 |    34 |    28 |       ||    74
       Olgreb's Toxic Ra |       |       |    10 |    86 |    53 |     1 ||   150
       Venom Bolt        |       |       |       |     1 |       |       ||     1
       Stone Arrow       |       |       |       |       |    27 |       ||    27
Invok: Curse Item        |     1 |     2 |       |     1 |     1 |       ||     5
       Transfer Knowledg |       |       |       |       |     5 |       ||     5
Evoke: Wand              |       |       |     3 |     5 |    31 |       ||    39
       Fan of gales      |       |       |       |     1 |     1 |       ||     2
  Use: Scroll            |       |     1 |    10 |     9 |    18 |       ||    38
       Potion            |       |       |     2 |     4 |    12 |       ||    18
 Stab: Confused          |       |       |     2 |     7 |     2 |       ||    11
       Sleeping          |       |       |     3 |     1 |     1 |       ||     5
       Invisible         |       |       |       |       |     1 |       ||     1
       Paralysed         |       |       |       |       |     3 |       ||     3
  Eat: Chunk             |     3 |    12 |    11 |    44 |    53 |       ||   123
       Pizza             |       |       |     2 |       |       |       ||     2
       Beef jerky        |       |       |     1 |     1 |     4 |       ||     6
Armor: Robe              |    24 |    74 |   212 |   519 |   110 |       ||   939
       Skin              |       |       |       |    34 |    17 |       ||    51
       Gold dragon armou |       |       |       |       |   830 |       ||   830
       Troll leather arm |       |       |       |       |   199 |     1 ||   200
Dodge: Dodged            |    19 |    63 |   213 |   499 |   495 |    11 ||  1300
Block: Large shield      |       |       |       |  1018 |   447 |       ||  1465
